 Dungeon Crawl Stone Soup version 0.31-a0-716-gc7603755dd (webtiles) character file.

Game seed: 10909624915170390377

9 Essalna the Conjurer (level 2, 19/19 HPs)
             Began as a Demonspawn Conjurer on Sept 10, 2023.
             Got out of the dungeon alive.
             The game lasted 00:00:51 (600 turns).

Essalna the Conjurer (Demonspawn Conjurer)           Turns: 600, Time: 00:00:52

Health: 19/19      AC:  3    Str:  7    XL:     2   Next: 3%
Magic:  5/5        EV: 12    Int: 19    God:
Gold:   56         SH:  0    Dex: 11    Spells: 4/5 levels left

rFire   . . .        d - +0 club
rCold   . . .        (no shield)
rNeg    . . .        a - +0 robe
rPois   .            (no helmet)
rElec   .            (no cloak)
rCorr   .            (no gloves)
SInv    .            c - +0 pair of boots
Will    .....        (no amulet)
Stlth   ++           (no ring)
HPRegen 0.23/turn    (no ring)
MPRegen 0.09/turn

%: no passive effects
@: no status effects
A: weakness stinger 1
a: no special abilities


You escaped.
You visited 1 branch of the dungeon, and saw 1 of its levels.

You collected 56 gold pieces.

Inventory:

Hand Weapons
 d - a +0 club (weapon)
Armour
 a - a +0 robe (worn)
 c - a +0 pair of boots (worn)
Potions
 b - a potion of magic
 e - a potion of haste {unknown}
 f - a potion of curing {unknown}


   Skills:
 - Level 1.7 Dodging
 - Level 1.7 Stealth
 + Level 2.3 Spellcasting
 + Level 4.2 Conjurations


You had 4 spell levels left.
You knew the following spells:

 Your Spells              Type           Power      Damage    Failure   Level
a - Magic Dart            Conj           72%        1d6       3%          1

Your spell library contained the following spells:

 Spells                   Type           Power      Damage    Failure   Level
 Searing Ray              Conj           36%        2d5       4%          2
 Dazzling Flash           Conj/Hex       20%        N/A       21%         3
 Fulminant Prism          Conj/Hex       5%         3d6       56%         4
 Iskenderun's Mystic Bla  Conj/Tloc      10%        2d4       56%         4


Dungeon Overview and Level Annotations

Branches:
Dungeon (1/15)

Altars:


Innate Abilities, Weirdness & Mutations

You have a small tail.


Message History

The giant cockroach is moderately wounded.
The magic dart hits the giant cockroach.
The giant cockroach is heavily wounded.
You are out of magic!
You are out of magic!
You are out of magic!
You are out of magic!
You hit the giant cockroach.
You kill the giant cockroach!
No target in view!
No target in view!
Found a club.
You now have 45 gold pieces (gained 4).
Found 5 stones.
Found a leather armour.
f - an emerald potion You now have 56 gold pieces (gained 11).
Key pressed, stopping explore.
Found a dagger.
Key pressed, stopping explore.
An endoplasm comes into view.
An endoplasm is nearby!
An endoplasm is nearby!
An endoplasm is nearby!
An endoplasm is nearby!
The magic dart hits the endoplasm.
The endoplasm is lightly wounded.
The endoplasm quivers.
The magic dart hits the endoplasm.
You kill the endoplasm!
You have reached level 2!
Your demonic ancestry asserts itself...
You grow a small tail.
You enter the shallow water.
Moving in this stuff is going to be slow.
There is an open door here.
There is an open door here.
There is a large open door here.
There is a staircase leading out of the dungeon here.
You have escaped!

.....~≈≈≈≈≈≈≈≈≈≈≈≈≈≈~≈~~≈≈≈~...#
.....~≈≈≈≈≈≈≈≈≈≈≈≈≈≈≈~≈~≈≈≈~...##
.....~≈≈#+#'#≈≈≈≈≈≈≈#'#'#≈≈≈.....
.....~≈≈'(..##'###+##...'≈≈~...#.
.....~≈≈'...'.......'...'≈≈~.....
.....~≈≈#'###.#####.###'#≈~~...#.
.....~≈≈≈≈+...#...#...#≈≈≈~....#.
.....~≈≈≈≈#.###...'.⌠.+≈~≈..⌠....
.....~≈≈≈≈#.###.@.'.⌠.+~≈~..⌠..#.
.....~≈≈≈≈+...#...#...#~≈≈~....#.
.....~≈≈#+###.#####.#'#+#≈≈≈...#.
#....~≈≈+ #.......#...+≈≈~...#.
#....≈≈≈+ ##+###'##..>+≈≈~...#.
#....~≈≈#+#+#≈≈≈≈≈≈≈#+#+#≈≈~...#.
#....~≈≈≈≈≈≈≈≈≈≈≈≈≈≈≈≈≈≈≈≈≈~...#.
.....~≈≈≈≈≈≈≈≈≈≈≈≈≈≈≈≈≈≈≈≈≈≈...#.
.....~~~≈~~~≈≈~~~~~≈≈~≈≈≈~~~...#.


There were no monsters in sight!

Vanquished Creatures
  3 ball pythons (D:1)
  An endoplasm (D:1)
  A giant cockroach (D:1)
  2 goblins (D:1)
  A quokka (D:1)
8 creatures vanquished.

Notes
Turn   | Place    | Note
-------+----------+-------------------------------------------
     0 | D:1      | Essalna the Demonspawn Conjurer began the quest for the
                  | Orb.
     0 | D:1      | Reached XP level 1. HP: 13/13 MP: 3/3
   558 | D:1      | Gained mutation: You have a small tail. [demonic ancestry]
   558 | D:1      | Reached XP level 2. HP: 19/19 MP: 1/5
   600 | D:$      | Got out of the dungeon alive.

Illustrated notes

Levels and vault maps discovered:
D:1:      dpeg_arrival_castle, layout_basic

Action                     || total
---------------------------++-------
  Melee: Club              ||     1
   Cast: Magic Dart        ||    14
 Armour: Robe              ||     1
  Dodge: Dodged            ||     1

Table legend: (Time is in decaauts)
 A = Elapsed time spent in this place.
 B = Non-inter-level travel time spent in this place.
 C = Inter-level travel time spent in this place.
 D = Time resting spent in this place.
 E = Time spent auto-exploring this place.
 F = Levels seen in this place.
 G = Mean time per level.
                   A        B        C        D        E       F      G
               +--------+--------+--------+--------+--------+-----+--------+
         Total |    603 |    561 |     42 |      0 |    496 |   1 |  603.0 |
       Dungeon |    603 |    561 |     42 |      0 |    496 |   1 |  603.0 |
               +--------+--------+--------+--------+--------+-----+--------+

Top non-repeatable levels by time:
     D:1: 603 daAuts
